Map: Zona del Vuoto

Players

Knine

  • Race: Zerg Zerg

Gunjack

  • Race: Protoss Protoss

Babylon

  • Race: Protoss Protoss

raider

  • Race: Terran Terran

Nixpus - Winner!

  • Race: Zerg Zerg
  • League: Silver

Jhyrachy - Winner!

  • Race: Zerg Zerg
  • League: Gold

Maurilio - Winner!

  • Race: Terran Terran

Dark - Winner!

  • Race: Zerg Zerg
  • League: Bronze

VOD

Have the link to the VOD?

Description

Time

  • Played on: May 20, 2016, 3:58 p.m.
  • Length: 17:24
Show
View Real Time Build Order
Export as new Build Order

Knine Zerg 

Build Orders: Pool First 

Get SALT Encoding   

  12  0:01  Drone  
  13  0:19  Overlord  
  13  0:37  Drone x3  
  16  0:49  Spawning Pool  
  15  0:52  Drone  
  16  0:57  Extractor  
  16  1:02  Drone  
  16  1:23  Drone x2  
  18  1:32  Drone  
  20  1:54  Evolution Chamber, Drone  
  20  1:56  Queen  
  20  1:58  Zergling x2  
  22  2:12  Overlord  
  22  2:14  Overlord  
  22  2:34  Zergling x2  
  23  2:39  Zergling x2  
  24  2:44  Metabolic Boost  
  24  2:47  Zerg Missile Weapons Level 1  
  24  2:50  Zergling x2  
  25  2:57  Zergling x2  
  26  3:10  Extractor  
  26  3:11  Drone  
  26  3:12  Zergling x4  
  28  3:37  Zergling x4  
  28  4:12  Zergling x6  
  27  4:17  Zergling x2  
  27  4:18  Zergling x4  
  29  4:32  Lair  
  29  5:06  Roach Warren  
  28  5:09  Drone x2  
  28  5:11  Overlord x2  
  27  5:59  Zergling x10  
  27  6:00  Zergling x2  
  30  6:24  Roach x2  
  34  6:30  Hatchery  
  34  6:32  Zerg Missile Weapons Level 2  
  34  6:40  Roach  
  34  6:50  Drone  
  34  7:27  Overlord x3  
  34  7:28  Overlord  
  28  7:40  Infestation Pit  
  28  7:43  Drone  
  28  7:45  Queen  
  30  8:00  Overseer  
  30  8:03  Pneumatized Carapace  
  30  8:06  Overseer  
  30  8:57  Roach x7  
  30  8:58  Roach x5  
Show
View Real Time Build Order
Export as new Build Order

Gunjack Protoss 

Build Orders: Double Forge 

Get SALT Encoding   

  12  0:03  Probe (Chrono Boost)  
  13  0:13  Probe (Chrono Boost)  
  14  0:27  Pylon  
  14  0:30  Probe (Chrono Boost)  
  15  0:45  Probe (Chrono Boost)  
  16  1:00  Gateway  
  16  1:03  Forge  
  17  1:04  Probe (Chrono Boost)  
  17  1:15  Probe (Chrono Boost)  
  18  1:25  Probe (Chrono Boost)  
  19  1:27  Assimilator  
  19  1:39  Nexus  
  19  1:41  Probe (Chrono Boost)  
  20  1:53  Assimilator  
  20  1:57  Probe (Chrono Boost)  
  21  2:08  Photon Cannon  
  21  2:14  Photon Cannon  
  21  2:32  Zealot  
  22  2:53  Pylon  
  22  2:56  Probe (Chrono Boost)  
  23  3:02  Probe (Chrono Boost)  
  24  3:06  Probe (Chrono Boost)  
  24  3:12  Probe (Chrono Boost)  
  26  3:17  Probe (Chrono Boost)  
  27  3:23  Probe (Chrono Boost)  
  27  3:24  Pylon  
  28  3:28  Gateway  
  28  3:30  Cybernetics Core  
  28  3:32  Forge  
  28  3:35  Zealot  
  28  3:39  Probe (Chrono Boost)  
  31  3:43  Assimilator  
  31  3:45  Assimilator  
  31  3:50  Probe (Chrono Boost)  
  32  4:04  Probe (Chrono Boost)  
  33  4:11  Probe (Chrono Boost)  
  33  4:15  Probe (Chrono Boost)  
  35  4:20  Stargate  
  35  4:21  Stargate  
  35  4:22  Probe (Chrono Boost)  
  36  4:25  Probe (Chrono Boost)  
  37  4:32  Zealot, Probe (Chrono Boost)  
  40  4:46  Protoss Air Weapons Level 1  
  40  4:53  Cybernetics Core  
  40  4:57  Pylon  
  40  4:58  Probe (Chrono Boost)  
  41  5:01  Mothership Core (Chrono Boost)  
  43  5:08  Probe (Chrono Boost)  
  43  5:09  Oracle  
  47  5:18  Cybernetics Core  
  47  5:19  Probe (Chrono Boost)  
  48  5:33  Oracle  
  51  5:59  Oracle  
  54  6:20  Void Ray  
  58  6:35  Void Ray  
  62  6:47  Pylon  
  62  6:49  Pylon  
  62  6:50  Pylon  
  62  6:53  Pylon x2  
  62  6:55  Pylon  
  62  7:05  Zealot  
  64  7:22  Void Ray x2  
  72  7:32  Zealot  
  74  7:57  Warp Gate  
  74  7:59  Zealot  
  76  8:11  Void Ray x2  
  84  8:26  Zealot  
  83  8:53  Zealot  
  85  8:57  Nexus  
  85  9:02  Pylon  
  85  9:03  Pylon  
  85  9:07  Pylon  
  57  9:44  Twilight Council  
  57  9:51  Fleet Beacon  
  57  9:53  Stargate  
  37  10:28  Photon Cannon  
  37  10:34  Photon Cannon  
  37  10:36  Photon Cannon  
  37  10:38  Oracle, Photon Cannon  
  37  10:39  Photon Cannon  
  37  10:41  Assimilator  
  43  10:44  Assimilator  
  43  10:57  Graviton Catapult  
  43  10:58  Carrier  
  46  11:28  Zealot  
  44  11:47  Probe (Chrono Boost)  
  44  11:57  Probe (Chrono Boost)  
  45  12:05  Charge, Pylon  
  45  12:08  Probe (Chrono Boost)  
  46  12:13  Gateway  
  46  12:16  Gateway  
  46  12:18  Probe (Chrono Boost)  
  46  12:20  Gateway  
  46  12:21  Gateway  
  46  12:22  Gateway  
  46  13:31  Carrier (Chrono Boost)  
  52  13:38  Zealot x5  
  58  14:05  Pylon  
  58  14:06  Pylon  
  58  14:07  Pylon  
  58  14:08  Pylon  
  58  14:10  Pylon x2  
  58  14:12  Pylon  
  58  14:14  Pylon  
  58  14:15  Pylon  
  58  14:16  Pylon  
  58  14:32  Zealot x4  
  58  14:33  Zealot  
  68  14:39  Pylon x2  
  68  14:41  Pylon  
  68  14:42  Pylon x2  
  68  14:44  Pylon  
  68  14:46  Pylon x2  
  68  14:48  Zealot, Pylon  
  70  14:58  Zealot  
  70  14:59  Zealot x4  
  48  15:19  Photon Cannon  
  48  15:20  Photon Cannon  
  48  15:22  Photon Cannon  
  48  15:23  Zealot x2  
  48  15:24  Zealot  
  48  15:25  Zealot x2  
  53  15:32  Forge  
  53  15:34  Forge  
  42  15:36  Forge x2  
  42  15:37  Forge  
  17  16:13  Zealot x5  
  12  16:44  Zealot  
Show
View Real Time Build Order
Export as new Build Order

Babylon Protoss 

Build Orders: 1 Gate Expand 

Get SALT Encoding   

  12  0:04  Probe (Chrono Boost)  
  13  0:25  Pylon  
  13  0:29  Probe (Chrono Boost)  
  14  0:40  Probe (Chrono Boost)  
  15  0:46  Gateway  
  15  0:50  Probe (Chrono Boost)  
  16  1:19  Probe (Chrono Boost)  
  17  1:42  Nexus  
  17  1:55  Nexus  
  17  2:21  Cybernetics Core  
  17  2:24  Forge  
  17  2:28  Zealot  
  19  2:55  Zealot  
  21  3:00  Probe (Chrono Boost)  
  22  3:09  Pylon  
  22  3:10  Probe (Chrono Boost)  
  23  3:13  Pylon  
  23  3:21  Probe (Chrono Boost)  
  23  3:22  Zealot, Probe (Chrono Boost)  
  27  3:31  Probe (Chrono Boost)  
  28  3:42  Probe (Chrono Boost)  
  28  3:48  Photon Cannon  
  28  3:49  Zealot  
  24  4:18  Assimilator  
  24  4:24  Assimilator  
  24  4:47  Pylon  
  24  5:05  Probe (Chrono Boost)  
  25  5:16  Probe (Chrono Boost)  
  26  5:27  Probe (Chrono Boost)  
  27  5:37  Probe (Chrono Boost)  
  28  5:48  Probe (Chrono Boost)  
  29  5:58  Probe (Chrono Boost)  
  30  6:07  Warp Gate (Chrono Boost)  
  30  6:30  Pylon  
  30  6:36  Pylon  
  30  6:46  Gateway  
  30  6:49  Protoss Ground Weapons Level 1 (Chrono Boost)  
  30  7:27  Gateway  
  30  7:30  Pylon  
  30  7:35  Pylon  
  30  7:40  Pylon  
  30  7:45  Pylon  
  30  7:54  Gateway  
  30  7:56  Gateway  
  30  8:05  Gateway  
  30  8:13  Gateway  
  30  8:20  Gateway  
  30  8:33  Gateway  
  30  8:43  Protoss Ground Armor Level 1 (Chrono Boost)  
  30  9:20  Stalker  
  30  9:21  Stalker  
  30  9:22  Stalker  
  30  9:23  Stalker  
  30  9:24  Stalker x2  
  40  9:25  Stalker  
  44  9:45  Stalker  
  46  9:46  Stalker  
  46  9:49  Stalker  
  46  9:50  Stalker  
  46  9:51  Stalker  
  46  9:52  Stalker  
  56  9:53  Stalker  
  58  10:24  Protoss Shields Level 1 (Chrono Boost)  
  22  11:20  Stalker x2  
  22  11:21  Stalker x2  
  22  11:22  Stalker  
  22  11:23  Stalker x2  
  22  11:24  Stalker  
  22  11:52  Stalker  
  22  11:53  Stalker x2  
  28  11:54  Stalker  
  28  11:55  Stalker  
  28  11:56  Stalker  
  28  11:57  Stalker  
  9  12:10  Stalker  
  11  12:20  Stalker x2  
  11  12:21  Stalker x2  
  11  12:22  Stalker  
  21  12:23  Stalker  
  21  12:27  Stalker  
    12:47  Zealot  
    12:48  Zealot  
    12:49  Zealot x2  
  2  12:52  Zealot  
  2  12:53  Zealot x2  
  2  13:14  Zealot  
  2  13:15  Zealot x2  
  2  13:16  Zealot  
  8  14:10  Zealot  
Show
View Real Time Build Order
Export as new Build Order

raider Terran 

Build Orders:  

Get SALT Encoding   

  12  0:07  SCV  
  13  0:22  Supply Depot  
  13  0:27  SCV  
  14  0:32  Refinery  
  14  0:39  SCV  
  15  0:45  Barracks  
  15  0:51  SCV  
  16  1:03  SCV  
  17  1:10  Barracks  
  17  1:16  SCV  
  18  1:28  SCV  
  19  1:34  Marine  
  19  1:35  Bunker  
  20  1:40  SCV  
  21  1:52  Marine  
  21  1:59  Factory  
  21  2:02  Orbital Command  
  21  2:08  Marine  
  21  2:10  Marine  
  23  2:18  Bunker  
  23  2:29  Supply Depot  
  23  2:51  Marine, Hellion  
  26  3:01  Barracks  
  28  3:13  Supply Depot, Hellion  
  28  3:31  Starport  
  28  3:37  Factory Reactor  
  28  3:42  Armory  
  27  4:13  Refinery  
  27  4:18  Medivac  
  29  4:24  Marine x2  
  29  4:25  Marine  
  32  4:37  Hellbat x2  
  36  4:52  Medivac  
  38  5:04  Supply Depot  
  38  5:16  Command Center  
  38  5:19  Terran Vehicle Weapons Level 1  
  38  5:26  Hellbat  
  34  6:31  Widow Mine x2  
  34  6:32  Command Center  
  38  6:55  Orbital Command  
  34  7:18  Hellbat x2  
  34  7:22  Medivac  
  40  7:39  Hellbat  
  40  7:41  Factory  
  42  7:51  Orbital Command  
  42  7:52  Medivac  
  42  7:56  Hellbat  
  42  7:57  Orbital Command  
  46  8:23  SCV  
  47  8:35  SCV  
  42  8:47  SCV  
  43  8:52  Medivac  
  43  8:54  Factory Tech Lab  
  39  9:01  Hellbat x2  
  36  9:20  Siege Tank  
  36  9:22  Medivac  
  26  9:40  Hellion x2  
  25  10:01  Hellion  
  25  10:08  Siege Tank  
  26  10:18  Hellion  
  28  10:23  Hellion  
  29  10:40  Siege Tank  
Show
View Real Time Build Order
Export as new Build Order

Nixpus Zerg - Winner!

Build Orders: Pool First, Lurkers 

Get SALT Encoding   

  12  0:02  Drone  
  13  0:11  Drone  
  14  0:17  Overlord  
  14  0:37  Spawning Pool  
  14  0:38  Drone  
  14  0:48  Drone x2  
  16  0:52  Extractor  
  16  0:53  Drone  
  16  0:59  Drone  
  17  1:25  Zergling x4  
  19  1:26  Queen  
  21  1:33  Zergling x2  
  22  1:49  Overlord  
  22  1:52  Metabolic Boost  
  22  2:15  Zergling x4  
  24  2:20  Zergling x2  
  25  2:39  Hatchery  
  21  2:59  Drone x4  
  25  3:09  Lair  
  25  3:16  Roach Warren  
  24  3:27  Drone  
  24  3:28  Drone x2  
  27  3:47  Zergling x6  
  30  4:06  Drone x3  
  30  4:07  Drone  
  33  4:30  Zergling x4  
  35  4:31  Overlord x2  
  35  4:58  Roach x3  
  35  4:59  Roach x3  
  47  5:09  Drone x3  
  50  5:14  Glial Reconstitution, Extractor  
  50  5:20  Hydralisk Den  
  48  5:24  Evolution Chamber  
  47  5:33  Drone x2  
  47  5:34  Drone x2  
  51  5:37  Overlord  
  51  5:57  Roach x4  
  56  6:29  Spore Crawler  
  53  6:35  Lurker Den  
  51  7:03  Drone x6  
  57  7:15  Hydralisk  
  58  7:35  Overlord x3  
  58  7:37  Drone  
  59  7:52  Spore Crawler  
  59  7:54  Spore Crawler  
  59  7:55  Zerg Missile Weapons Level 1  
  57  8:02  Muscular Augments  
  57  8:04  Drone x3  
  57  8:05  Drone x2  
  62  8:07  Queen x2  
  66  8:33  Hydralisk x6  
  76  9:26  Hydralisk x6  
  76  9:29  Drone x4  
  82  9:36  Extractor  
  71  9:39  Extractor  
  70  9:51  Hydralisk x2  
  57  10:26  Lurker x2  
  59  10:30  Zergling x6  
  59  10:31  Zergling x6  
  65  11:02  Hydralisk x4  
  65  11:46  Zergling x8  
  65  11:47  Zergling x6  
  72  12:00  Lurker  
  72  12:01  Lurker  
  68  12:35  Hydralisk x3  
  68  12:36  Hydralisk x3  
  80  12:38  Overlord  
  80  12:39  Overlord  
  80  12:54  Zerg Ground Armor Level 1  
  78  13:38  Hydralisk x2  
  78  13:39  Hydralisk x6  
  78  13:40  Hydralisk x2  
  95  14:32  Hydralisk  
  95  14:33  Hydralisk  
  95  14:34  Overlord  
  95  14:35  Overlord x2  
  99  14:43  Extractor x2  
  97  14:48  Zerg Missile Weapons Level 2  
  94  15:17  Hydralisk  
  94  15:18  Hydralisk x5  
  97  16:34  Hydralisk x3  
  97  16:35  Hydralisk x6  
  97  16:36  Hydralisk x3  
  119  16:45  Hatchery  
Show
View Real Time Build Order
Export as new Build Order

Jhyrachy Zerg - Winner!

Build Orders: Pool First 

Get SALT Encoding   

  12  0:01  Drone  
  13  0:09  Drone  
  14  0:19  Extractor  
  14  0:20  Extractor  
  13  0:30  Extractor, Drone x2  
  15  0:41  Spawning Pool  
  14  0:48  Overlord  
  14  1:06  Drone x3  
  17  1:28  Metabolic Boost  
  17  1:33  Queen  
  17  1:35  Zergling x4  
  21  1:46  Overlord  
  21  2:07  Zergling x4  
  23  2:20  Zergling x2  
  23  2:50  Zergling x6  
  23  2:51  Zergling x6  
  29  3:05  Evolution Chamber  
  29  3:08  Drone  
  29  3:09  Hatchery  
  28  3:34  Zerg Melee Weapons Level 1  
  28  3:38  Drone  
  28  3:39  Overlord  
  29  3:55  Queen  
  24  4:09  Drone x6  
  28  4:31  Queen  
  29  5:05  Drone x2  
  31  5:17  Lair  
  31  5:22  Drone  
  32  5:35  Zergling x14  
  35  5:36  Zergling x2  
  35  6:35  Extractor  
  35  6:38  Pneumatized Carapace  
  34  6:53  Drone  
  35  6:54  Drone x2  
  35  6:55  Drone  
  38  7:03  Drone x2  
  38  7:07  Zergling x6  
  43  7:08  Overlord  
  43  7:09  Overlord  
  40  7:17  Queen  
  40  7:19  Spore Crawler  
  40  7:21  Queen  
  40  7:22  Spore Crawler  
  40  7:26  Spore Crawler  
  39  7:35  Nydus Network  
  38  7:43  Drone  
  38  7:44  Drone x3  
  41  7:46  Overlord x2  
  42  8:11  Zergling x16  
  42  8:12  Zergling x10  
  55  8:40  Nydus Canal  
  30  10:41  Queen  
  32  10:46  Zergling x2  
  32  10:47  Zergling x18  
  32  10:48  Queen  
  44  10:50  Zerg Melee Weapons Level 2  
  44  11:16  Queen  
  45  11:20  Spine Crawler  
  45  11:25  Spine Crawler  
  41  12:10  Infestation Pit  
  38  12:38  Hatchery  
  36  13:06  Zerg Ground Armor Level 1  
  36  13:42  Hive  
  36  13:50  Queen  
  38  14:11  Extractor  
  38  14:15  Extractor  
  36  14:18  Spine Crawler  
  33  14:26  Queen  
  34  14:40  Drone  
  34  14:41  Drone x2  
  34  14:42  Drone x3  
  34  14:43  Drone x7  
  34  14:44  Drone x5  
  52  14:53  Nydus Canal  
  52  15:18  Hatchery  
  52  15:20  Extractor  
  50  15:23  Extractor  
  49  15:40  Viper  
  49  15:41  Viper x2  
  57  16:38  Drone  
  57  16:39  Drone x14  
  72  16:40  Drone  
  73  17:23  Spire  
Show
View Real Time Build Order
Export as new Build Order

Maurilio Terran - Winner!

Build Orders:  

Get SALT Encoding   

  12  0:07  SCV  
  13  0:25  Supply Depot  
  13  0:29  Refinery  
  13  0:30  SCV  
  14  0:42  SCV  
  15  0:51  Barracks  
  15  1:06  SCV  
  15  1:08  Engineering Bay  
  16  1:18  SCV  
  17  1:42  Marine, Bunker  
  18  2:00  Marine  
  19  2:18  Marine  
  20  2:24  Command Center  
  20  2:30  SCV  
  20  2:35  Missile Turret  
  21  2:41  Refinery  
  21  2:43  SCV  
  22  3:15  Factory  
  22  3:16  Factory, Orbital Command  
  22  3:19  Marine  
  23  3:36  Marine  
  24  3:43  SCV  
  24  3:45  Missile Turret  
  25  3:54  Marine  
  25  3:55  SCV x2  
  28  4:00  Factory Tech Lab  
  28  4:07  SCV  
  28  4:08  Factory Reactor  
  29  4:21  Marine  
  30  4:25  Planetary Fortress  
  30  4:31  SCV  
  30  4:32  Refinery  
  30  4:35  Widow Mine  
  33  4:39  Marine  
  33  4:43  SCV  
  33  4:45  Armory  
  35  4:54  Supply Depot  
  35  4:55  SCV  
  35  4:57  Marine  
  37  5:14  Marine  
  37  5:15  Widow Mine x2  
  42  5:21  Terran Infantry Weapons Level 1  
  42  5:26  Widow Mine  
  44  5:32  Drilling Claws  
  44  5:43  Widow Mine  
  46  5:56  Supply Depot  
  46  5:58  Supply Depot  
  46  6:01  Terran Vehicle Weapons Level 1  
  46  6:17  Widow Mine x2  
  46  6:18  SCV  
  51  6:24  Widow Mine  
  53  6:30  SCV  
  54  6:37  Factory  
  54  6:42  SCV  
  54  6:43  Armory  
  54  6:46  Widow Mine  
  57  6:52  Missile Turret  
  57  6:53  Widow Mine  
  59  6:54  SCV  
  60  7:06  SCV  
  61  7:14  Missile Turret  
  61  8:47  Widow Mine  
  61  8:55  Factory Reactor  
  61  8:57  Terran Vehicle Weapons Level 2  
  61  8:58  Terran Vehicle And Ship Armor Level 1  
  61  9:11  Widow Mine x2  
  61  9:16  Supply Depot x2, Widow Mine  
  67  9:19  Supply Depot x2  
  67  9:21  SCV  
  67  9:22  Supply Depot  
  68  9:33  SCV  
  69  9:39  Widow Mine x2  
  69  9:44  Widow Mine  
  75  9:46  SCV  
  75  9:50  Widow Mine  
  75  9:51  Widow Mine  
  80  9:55  Command Center  
  80  10:08  Widow Mine x2  
  80  10:13  Widow Mine  
  86  10:19  Widow Mine x2  
  90  10:36  Widow Mine x2  
  90  10:41  Widow Mine  
  96  10:48  Widow Mine  
  96  11:23  Widow Mine x2  
  96  11:24  Widow Mine x3  
  104  11:52  Widow Mine x5  
  114  12:20  Widow Mine  
  114  12:21  Widow Mine x4  
  124  12:49  Widow Mine x2  
  125  14:47  Widow Mine x5  
  129  15:15  Widow Mine x2  
  129  15:16  Widow Mine x2  
  140  17:15  Supply Depot  
  140  17:16  Supply Depot  
  140  17:17  Supply Depot  
Show
View Real Time Build Order
Export as new Build Order

Dark Zerg - Winner!

Build Orders: Pool First 

Get SALT Encoding   

  12  0:03  Drone  
  13  0:10  Drone  
  14  0:19  Overlord  
  14  0:38  Extractor, Drone  
  14  0:39  Drone x2  
  16  0:51  Drone  
  17  0:59  Spawning Pool  
  16  1:05  Drone  
  17  1:13  Drone  
  18  1:22  Drone  
  19  1:36  Hatchery, Drone  
  19  1:43  Drone  
  20  1:50  Metabolic Boost  
  20  1:58  Zergling x2  
  21  2:06  Overlord  
  21  2:20  Zergling x2  
  22  2:24  Queen  
  24  2:31  Zergling x2  
  25  2:43  Zergling x2  
  26  2:49  Zergling x4  
  28  3:07  Lair  
  28  3:08  Hatchery, Roach Warren  
  26  3:13  Overlord  
  26  3:15  Zergling x4  
  28  3:23  Zergling x6  
  31  3:32  Zergling x2  
  31  3:33  Drone  
  33  3:41  Zergling x4  
  35  3:58  Zergling x2  
  35  3:59  Zergling x6  
  38  4:05  Zergling x2  
  39  4:18  Roach  
  39  4:19  Roach  
  43  4:27  Drone  
  43  4:31  Hydralisk Den  
  43  4:36  Roach  
  43  4:37  Roach x2  
  49  4:59  Overlord  
  49  5:00  Overlord x3  
  49  5:13  Drone  
  50  5:25  Extractor, Drone x3  
  52  5:31  Roach x3  
  52  5:32  Roach  
  60  5:36  Hydralisk  
  62  5:43  Hydralisk  
  62  5:49  Hydralisk  
  66  6:06  Glial Reconstitution  
  66  6:17  Hydralisk  
  68  6:30  Hydralisk  
  72  6:33  Roach x2  
  74  6:53  Roach  
  75  7:05  Hatchery, Roach x3  
  80  7:13  Drone  
  81  7:21  Overlord  
  81  7:31  Overlord  
  81  7:38  Drone  
  81  7:40  Overlord  
  81  7:42  Drone  
  83  7:50  Drone x2  
  85  8:02  Drone x3  
  88  8:09  Overlord  
  88  8:27  Overseer  
  88  8:29  Overseer  
  88  8:30  Hydralisk x2  
  88  8:31  Hydralisk  
  94  8:44  Drone x2  
  94  8:45  Drone x3  
  99  8:51  Extractor  
  99  8:52  Extractor  
  99  8:53  Drone x3  
  100  9:00  Spore Crawler  
  100  9:02  Hydralisk  
  101  9:09  Roach x2  
  86  9:26  Hydralisk x4  
  84  9:37  Hydralisk x3  
  80  9:47  Zergling x8  
  76  9:57  Zergling x8  
  71  10:05  Hydralisk x2  
  62  10:22  Zergling x12  
  67  10:28  Hydralisk  
  67  10:34  Hydralisk x2  
  52  10:48  Hydralisk x3  
  52  10:49  Hydralisk  
  60  10:54  Drone  
  61  11:10  Zergling x2  
  61  11:11  Zergling x8  
  61  11:26  Hydralisk x4  
  69  11:37  Hydralisk x2  
  73  11:42  Drone x4  
  77  11:49  Drone x3  
  80  11:59  Zergling x8  
  80  12:00  Zergling x2  
  85  12:20  Hydralisk x3  
  85  12:21  Hydralisk x4  
  94  12:38  Hydralisk x4  
  102  12:54  Overlord x4  
  102  13:01  Overseer x2  
  102  13:12  Overlord x2  
  102  13:13  Overlord  
  86  13:36  Hydralisk x2  
  86  13:37  Hydralisk x5  
  100  13:47  Roach  
  100  13:48  Roach x3  
  108  13:58  Roach x3  
  114  14:08  Hydralisk x3  
  121  14:17  Zergling x6  
  121  14:20  Hydralisk x2  
  127  14:37  Hydralisk x4  
  127  14:38  Hydralisk  
  137  14:47  Roach x3  
  136  15:16  Hydralisk x5  
  144  15:29  Zergling x14  
  151  15:59  Overlord x4  
  151  16:00  Overlord x2  
  151  16:06  Zergling x2  
  152  16:25  Zergling x12  
  153  16:26  Zergling x4  
  155  16:45  Zergling x8  
Tags
 
Add a new tag
Caveats
  • Supply blocks, unpowered buildings, or Contaminate may cause inaccurate times.
  • Supply counts are checked every 10 seconds.